 Dungeon Crawl Stone Soup version 0.21-a0-352-g5b8f553 (webtiles) character file.

341121 Leas the Imperceptible (level 21, -9/168 HPs)
             Began as a Spriggan Enchanter on Oct 10, 2017.
             Was the Champion of Dithmenos.
             Killed from afar by an ogre mage (20 damage)
             ... with a bolt of fire
             ... led by an ironheart preserver
             ... on level 3 of the Vaults on Oct 11, 2017.
             The game lasted 03:18:01 (73908 turns).

Leas the Imperceptible (Spriggan Enchanter)        Turns: 73908, Time: 03:18:08

Health: -9/168     AC: 10    Str: 14    XL:     21   Next: 8%
Magic:  43/43      EV: 49    Int: 18    God:    Dithmenos [******]
Gold:   2873       SH:  0    Dex: 25    Spells: 37/55 levels left

rFire    . . .     SeeInvis +   o - +9 quick blade
rCold    . . .     Gourm    .   (shield restricted)
rNeg     . . .     Faith    .   k - +2 robe of Sovereignty {Regen+}
rPois    .         Spirit   .   (helmet restricted)
rElec    .         Reflect  .   j - +2 cloak
rCorr    .         Harm     .   (gloves unavailable)
MR       +++..                  (boots unavailable)
Stlth    ..........             E - amulet of rage
HPRegen  0.78/turn              W - +3 ring of protection
MPRegen  0.28/turn              A - +5 ring of evasion

@: mighty, agile, berserking (expiring), very slightly contaminated, hasted,
wreathed by umbra, invisible, very quick
A: unfitting armour, see invisible, herbivore 3, speed 3, slow metabolism 2
}: 2/15 runes: serpentine, barnacled
a: Shadow Step, Shadow Form, Renounce Religion, Evoke Berserk Rage


You were on level 3 of the Vaults.
You worshipped Dithmenos.
Dithmenos was exalted by your worship.
You were not hungry.

You visited 9 branches of the dungeon, and saw 38 of its levels.
You visited 2 bazaars.
You also visited: Volcano.

You collected 3821 gold pieces.
You spent 948 gold pieces at shops.

Inventory:

Hand Weapons
 i - a +0 quick blade of pain
 o - a +9 quick blade (weapon)
Missiles
 v - 15 throwing nets (quivered)
Armour
 j - a +2 cloak (worn)
 k - the +2 robe of Sovereignty (worn) {Regen+}
   (You found it on level 4 of the Snake Pit)

   It increases your rate of regeneration.
 F - a +2 robe of cold resistance
 X - the +1 robe "Worphoilu" {MR- Str+4 Slay+4}
   (You bought it in a shop on level 1 of the Orcish Mines)

   It affects your strength (+4).
   It affects your accuracy and damage with ranged weapons and melee attacks
   (+4).
   It affects your resistance to hostile enchantments.
Jewellery
 t - an uncursed ring of protection from cold
 A - a +5 ring of evasion (right hand)
 E - an amulet of rage (around neck)
 W - a +3 ring of protection (left hand)
Wands
 y - a wand of digging (7/24)
 N - a wand of enslavement (8/24)
Scrolls
 g - a scroll of silence {unknown}
 h - 20 scrolls of remove curse
 m - 5 scrolls of fear
 q - 4 scrolls of magic mapping
 x - 10 scrolls of teleportation
 J - 4 scrolls of identify
 L - 5 scrolls of fog
 P - a scroll of holy word
Potions
 b - a potion of ambrosia
 f - 11 potions of curing
 n - 3 potions of heal wounds
 s - a potion of might
 u - 5 potions of cancellation
 w - 5 potions of flight
 R - a potion of invisibility
 T - 3 potions of agility
 Z - a potion of brilliance
Books
 c - a book of Power

   Spells                             Type                      Level
   a - Iskenderun's Battlesphere      Conjuration/Charms           5
   b - Venom Bolt                     Conjuration/Poison           5
   c - Bolt of Magma                  Conjuration/Fire/Earth       5
   d - Iron Shot                      Conjuration/Earth            6
   e - Orb of Destruction             Conjuration                  7
   f - Spellforged Servitor           Conjuration/Summoning        7
Miscellaneous
 H - 3 phantom mirrors
Comestibles
 a - a royal jelly
 d - 25 bread rations
 Q - 5 fruits


   Skills:
 + Level 12.6 Fighting
 + Level 15.9 Short Blades
 + Level 19.9 Dodging
 + Level 24.5 Stealth
 + Level 17.7 Spellcasting
 + Level 17.9 Hexes
 - Level 11.5 Ice Magic


You had 37 spell levels left.
You knew the following spells:

 Your Spells              Type           Power        Failure   Level  Hunger
a - Ensorcelled Hibernat  Hex/Ice        ######       0%          2    None
b - Corona                Hex            ######.      0%          1    None
c - Confuse               Hex            ######..     0%          3    None
d - Tukima's Dance        Hex            ######..     0%          3    None
e - Dazzling Spray        Conj/Hex       #####.       1%          3    None
h - Invisibility          Hex            ######..     1%          6    #####..


Dungeon Overview and Level Annotations

Branches:
Dungeon (15/15)            Temple (1/1) D:7            Lair (6/6) D:9
 Shoals (4/4) Lair:2        Snake (4/4) Lair:3        Slime (0/5) Lair:5
    Orc (2/2) D:9             Elf (2/3) Orc:2        Vaults (3/5) D:14
  Crypt (0/3) Vaults:2     Depths (1/5) D:15

Altars:
Ashenzari
Cheibriados
Dithmenos
Elyvilon
Fedhas
Gozag
Hepliaklqana
Kikubaaqudgha
Makhleb
Nemelex Xobeh
Okawaru
Qazlal
Ru
Sif Muna
Trog
Uskayaw
Vehumet
Wu Jian
Xom
Yredelemnul
Zin
The Shining One

Shops:
D:10 }[(   Orc:1 [   Orc:2 (=:%=%(}=

Annotations:
Shoals:3 exclusion: Roxanne, Roxanne
Vaults:3 Jory


Innate Abilities, Weirdness & Mutations

You are very small and have problems with some larger weapons.
You are too small for most types of armour.
You have supernaturally acute eyesight. (SInv)
You are a herbivore.
You cover ground extremely quickly.
You need consume almost no food.


Message History

Jory is almost destroyed.
Your shadow hits Jory but does no damage.
The ironheart preserver misses you.
You closely miss Jory.
Jory is almost destroyed.
Your shadow hits Jory but does no damage.
You closely miss Jory.
Jory is almost destroyed.
Your shadow hits Jory but does no damage.
You closely miss Jory.
Jory is almost destroyed.
Your shadow barely misses Jory.
You barely miss Jory.
Jory is almost destroyed.
Jory is infused with unholy energy.
* * * LOW HITPOINT WARNING * * *
Jory draws life force from you and is healed!
The ogre mage gestures at you while chanting.
The bolt of fire hits you!
You die...

.........#...### ...
..........#.....#
V...
.........#)....#.....
###'######...........
.. ######'######
#.........#
..#..>§§§§..#
..'...OVO§§.#
..#...§@Op..# .
#..§pO§...#
#.........#
###########


You could see Jory, an ironheart preserver, a two-headed ogre, an ogre mage, a
wizard and 2 ogres.

Vanquished Creatures
  Boris (Vaults:2)
  Saint Roka (Vaults:1)
  Bai Suzhen (Shoals:4)
  Rupert (D:14)
  Asterion (Elf:2)
  A deep elf blademaster (Elf:2)
  The ghost of EvilAshe the Warrior, an adept GrBe of Trog (Vaults:2)
  A kraken (Shoals:3)
  Polyphemus (Shoals:3)
  Kirke (Shoals:2)
  Agnes (Elf:1)
  5 nagarajas (Snake:4)
  Ilsuiw (Shoals:4)
  Donald (Snake:1)
  A frost giant (Vaults:1)
  A deep elf sorcerer (Vaults:1)
  Louise (Snake:3)
  5 vault wardens
  A ghoul (Vaults:2)
  Aizul (Snake:3)
  A deep elf elementalist (Elf:2)
  11 stone giants
  A vampire knight (Vaults:2)
  5 ironheart preservers
  A very ugly thing (Vaults:1)
  Nessos (Lair:5)
  An entropy weaver (Vaults:3)
  A deep elf demonologist (Vaults:1)
  Azrael (Snake:1)
  A deep elf annihilator (Elf:2)
  Snorg (D:12)
  Josephine (Lair:5)
  3 ettins
  6 merfolk javelineers (Shoals:4)
  2 deep elf death magi (Elf:1)
  9 merfolk impalers
  A great orb of eyes (Vaults:2)
  Erolcha (D:12)
  9 ogre magi
  8 ice dragons
  4 rakshasas
  2 yaktaur captains (Vaults:1)
  Fannar (D:12)
  8 hydras
  5 vault guards
  22 naga warriors
  2 catoblepae
  3 centaur warriors
  22 anacondas
  29 two-headed ogres
  A merfolk avatar (Shoals:3)
  An alligator snapping turtle (Shoals:4)
  5 merfolk aquamancers
  2 satyrs
  An orc high priest (Orc:2)
  12 naga sharpshooters
  3 death yaks (Shoals:3)
  12 deep elf knights
  7 shock serpents
  20 slime creatures
  An iron troll (Depths:1)
  5 skeletal warriors (Vaults:2)
  2 deep trolls
  18 sea snakes
  8 salamander mystics
  3 unseen horrors
  A flayed ghost (Vaults:3)
  8 naga ritualists
  12 deep elf archers
  A glowing orange brain (D:15)
  2 wizards
  4 lindwurms (Snake:4)
  10 ironbrand convokers
  5 necromancers
  8 harpies
  A wolf spider zombie (D:15)
  An orb spider (shapeshifter) (D:11)
  11 orc knights
  2 orc sorcerers
  19 mana vipers
  2 wolf spiders
  13 ugly things
  4 fauns (Shoals:3)
  2 oklob plants (Lair:5)
  6 cyclopes
  27 deep elf magi
  13 manticores
  13 salamanders
  11 elephants
  5 vault sentinels
  Maurice (D:11)
  A black mamba (shapeshifter) (Vaults:1)
  A gargoyle (D:12)
  13 guardian serpents
  14 merfolk sirens
  Psyche (D:11)
  7 water nymphs
  2 molten gargoyles (Volcano)
  39 black mambas
  Joseph (D:7)
  The ghost of Internecine the Charmwright, a novice GnSk (D:5)
  3 large abominations (Elf:1)
  24 naga magi
  3 centaur skeletons
  26 spiny frogs
  20 yaktaurs
  7 rime drakes
  A kobold demonologist (D:12)
  2 freezing wraiths
  7 komodo dragons
  A yaktaur (shapeshifter) (D:15)
  An efreet (Volcano)
  34 merfolk
  7 trolls
  4 hornets
  A merfolk (shapeshifter) (Vaults:2)
  10 wind drakes
  2 polar bears
  2 queen bees (shapeshifter)
  A hornet (shapeshifter) (D:15)
  4 tyrant leeches (Lair:6)
  10 hippogriffs
  24 blink frogs
  Prince Ribbit (D:5)
  A meliai zombie (D:14)
  A harpy skeleton (Vaults:1)
  7 dream sheep
  12 snapping turtles
  A frost giant simulacrum (Vaults:1)
  Sigmund (D:5)
  2 air elementals (Elf:2)
  A vampire (D:13)
  5 shadows
  43 yaks
  33 dancing weapons
  A redback (Vaults:3)
  23 water elementals
  11 wraiths
  A hog (Shoals:2)
  4 wyverns
  A basilisk (D:15)
  7 fire elementals
  3 hungry ghosts
  6 vampire mosquitoes (Lair:6)
  44 nagas
  5 wargs
  A swamp worm (shapeshifter) (Vaults:2)
  A soldier ant (shapeshifter) (D:15)
  An acid dragon (D:15)
  A soldier ant (D:13)
  9 water moccasins
  A hell hound (Snake:1)
  9 porcupines
  An elf skeleton (Vaults:1)
  41 orc warriors
  5 phantoms
  5 ice beasts
  2 sky beasts
  A black bear (D:8)
  44 ogres
  A sky beast (shapeshifter) (D:15)
  2 elf zombies
  An orc zombie (Vaults:2)
  A necrophage (D:5)
  12 centaurs
  2 boggarts (Vaults:3)
  9 wolves (Lair:2)
  10 crocodiles
  An elf simulacrum (Vaults:1)
  2 big kobolds
  3 human skeletons
  25 bullfrogs
  2 earth elementals
  2 gnoll sergeants (D:11)
  An ogre simulacrum (Vaults:1)
  2 scorpions
  3 killer bees (D:9)
  5 wights (D:11)
  A human simulacrum (Vaults:2)
  A jelly (D:11)
  8 howler monkeys
  2 electric eels
  7 crimson imps
  2 bullfrog zombies
  A lava snake (Volcano)
  3 centaur zombies
  A quasit (D:11)
  10 hounds
  25 orc priests
  2 bullfrog skeletons
  25 orc wizards
  4 iguanas
  7 worker ants
  12 hell rats (Lair:6)
  2 hound zombies
  A hound skeleton (D:11)
  A worker ant zombie (D:11)
  22 adders
  10 gnolls
  8 river rats (Lair:6)
  3 shadow imps
  An adder skeleton (D:4)
  An adder zombie (D:6)
  4 worms
  3 dart slugs
  4 leopard geckos
  120 orcs
  6 ball pythons
  5 giant cockroaches
  8 hobgoblins
  8 jackals
  4 quokkas
  3 bats (D:2)
  5 frilled lizards
  7 goblins
  2 jackal zombies (D:5)
  17 kobolds
  2 quokka skeletons
  8 rats
  4 plants
1538 creatures vanquished.

Vanquished Creatures (collateral kills)
  A merfolk impaler (Shoals:4)
  A naga mage (Snake:4)
  A naga (Snake:3)
  2 orc warriors
  2 orc priests (D:9)
  4 gnolls
  2 orcs (D:12)
13 creatures vanquished.

Vanquished Creatures (others)
  A deep elf knight (Elf:2)
  4 dancing weapons
  A human (Shoals:3)
  A naga (Snake:3)
  A sky beast (D:11)
  A boggart (Vaults:3)
  An elf simulacrum (Vaults:1)
  An orc priest (Orc:2)
  2 orcs
  A jackal (D:10)
  6 fungi
  49 plants (Lair:6)
69 creatures vanquished.

Grand Total: 1620 creatures vanquished

Notes
Turn   | Place    | Note
-------+----------+-------------------------------------------
     0 | D:1      | Leas the Spriggan Enchanter began the quest for the Orb.
     0 | D:1      | Reached XP level 1. HP: 9/9 MP: 5/5
   486 | D:1      | Reached XP level 2. HP: 13/13 MP: 5/7
   490 | D:1      | Learned a level 2 spell: Ensorcelled Hibernation
  1207 | D:1      | Gained mutation: You are weak. (Str -2) [potion of mutation]
  1207 | D:1      | Gained mutation: You are clumsy. (Dex -2) [potion of mutation]
  1207 | D:1      | Gained mutation: Your system is resistant to poisons. (rPois) [potion of mutation]
  1207 | D:1      | Gained mutation: Your mind is acute. (Int +2) [potion of mutation]
  2027 | D:2      | Reached XP level 3. HP: 7/16 MP: 9/9
  2032 | D:2      | Learned a level 3 spell: Confuse
  2036 | D:2      | Learned a level 3 spell: Tukima's Dance
  3325 | D:2      | Noticed an ogre
  3351 | D:2      | Killed an ogre
  3351 | D:2      | Reached skill level 5 in Spellcasting
  3351 | D:2      | Reached skill level 5 in Hexes
  3351 | D:2      | Reached XP level 4. HP: 21/21 MP: 0/12
  3351 | D:2      | Reached XP level 5. HP: 24/24 MP: 0/13
  3816 | D:3      | Learned a level 3 spell: Dazzling Spray
  4111 | D:3      | Found a sacrificial altar of Ru.
  4116 | D:3      | Reached skill level 5 in Stealth
  4414 | D:3      | Found a faded altar of an unknown god.
  4427 | D:3      | Lost strength.
  4510 | D:3      | Found a sparkling altar of Nemelex Xobeh.
  4740 | D:4      | Reached XP level 6. HP: 28/28 MP: 15/15
  4752 | D:4      | Reached skill level 6 in Stealth
  4890 | D:4      | Reached skill level 7 in Stealth
  5024 | D:4      | Reached skill level 8 in Stealth
  5365 | D:4      | Reached XP level 7. HP: 24/32 MP: 6/16
  5374 | D:4      | Reached skill level 9 in Stealth
  5416 | D:4      | Found a hazy altar of Hepliaklqana.
  5418 | D:4      | Found a stormy altar of Qazlal.
  5822 | D:5      | Entered Level 5 of the Dungeon
  5824 | D:5      | You fall through a shaft!
  5850 | D:5      | Noticed Prince Ribbit
  6470 | D:5      | Reached skill level 10 in Stealth
  6506 | D:5      | Killed Prince Ribbit
  6506 | D:5      | Reached skill level 11 in Stealth
  6808 | D:5      | Reached XP level 8. HP: 25/36 MP: 2/17
  7360 | D:5      | Reached skill level 12 in Stealth
  7718 | D:5      | Noticed Sigmund
  8108 | D:5      | Noticed Internecine's ghost (novice GnSk)
  8623 | D:5      | Killed Internecine's ghost
  8623 | D:5      | Reached skill level 13 in Stealth
  9050 | D:5      | Killed Sigmund
  9050 | D:5      | Reached skill level 14 in Stealth
  9154 | D:5      | Reached skill level 15 in Stealth
  9511 | D:5      | Reached XP level 9. HP: 22/40 MP: 14/18
 10219 | D:6      | Reached skill level 1 in Fighting
 10247 | D:6      | Found an iron altar of Okawaru.
 11253 | D:7      | Noticed Joseph
 11263 | D:7      | Killed Joseph
 11544 | D:7      | Found a radiant altar of Vehumet.
 11555 | D:7      | Got a warped bronze ring
 11557 | D:7      | Identified the ring "Qinig" {+Blink rElec rF- rN+++ AC+1} (You found it on level 7 of the Dungeon)
 11657 | D:7      | Found a staircase to the Ecumenical Temple.
 11666 | Temple   | Entered the Ecumenical Temple
 11708 | Temple   | Became a worshipper of Dithmenos the Shadowed
 12226 | D:8      | Noticed a two-headed ogre
 12249 | D:8      | Killed a two-headed ogre
 12249 | D:8      | Reached skill level 5 in Dodging
 12608 | D:8      | Found a glowing golden altar of the Shining One.
 12688 | D:8      | Found an opulent altar of Gozag.
 12733 | D:8      | Found a bloodstained altar of Trog.
 12751 | D:8      | Reached XP level 10. HP: 39/47 MP: 3/21
 13219 | D:9      | Noticed a two-headed ogre
 13950 | D:9      | Found a blossoming altar of Fedhas.
 13957 | D:9      | Reached * piety under Dithmenos
 14198 | D:9      | Lost mutation: Your mind is acute. (Int +2) [potion of mutation]
 14198 | D:9      | Lost mutation: Your system is resistant to poisons. (rPois) [potion of mutation]
 14198 | D:9      | Lost mutation: You are clumsy. (Dex -2) [potion of mutation]
 14198 | D:9      | Lost mutation: You are weak. (Str -2) [potion of mutation]
 14218 | D:9      | Found a staircase to the Orcish Mines.
 14333 | D:9      | Found a staircase to the Lair.
 14670 | D:9      | Reached skill level 16 in Stealth
 14890 | D:9      | Killed a two-headed ogre
 15351 | D:9      | Noticed a two-headed ogre
 15362 | D:9      | Killed a two-headed ogre
 15362 | D:9      | Reached skill level 5 in Short Blades
 16067 | D:9      | Reached ** piety under Dithmenos
 16765 | D:10     | Entered Level 10 of the Dungeon
 17132 | D:10     | Reached XP level 11. HP: 29/53 MP: 3/24
 17445 | D:10     | Found Foriab's Gadget Emporium.
 17477 | D:10     | Noticed an ice dragon
 17495 | D:10     | Killed an ice dragon
 18050 | D:10     | Found Ciwe's Armour Shoppe.
 18281 | D:10     | Found Gotithru's Weapon Emporium.
 18553 | D:11     | Found a flickering gateway to a bazaar.
 18566 | Bazaar   | Entered a bazaar
 18700 | Bazaar   | Found Qibaesa's Distillery.
 18751 | Bazaar   | Found Allumeha's Distillery.
 18809 | Bazaar   | Found Gamozyh's Gadget Shop.
 18838 | Bazaar   | Found Emugg's Gadget Shop.
 18879 | Bazaar   | Bought a potion of invisibility for 128 gold pieces
 18879 | Bazaar   | Bought a potion of heal wounds for 80 gold pieces
 18879 | Bazaar   | Bought a potion of heal wounds for 80 gold pieces
 18905 | Bazaar   | Bought a potion of invisibility for 104 gold pieces
 18905 | Bazaar   | Bought a potion of heal wounds for 65 gold pieces
 18963 | Bazaar   | Bought a potion of brilliance for 52 gold pieces
 19121 | D:11     | Noticed Psyche
 19133 | D:11     | Killed Psyche
 19133 | D:11     | Reached *** piety under Dithmenos
 19627 | D:11     | Reached skill level 17 in Stealth
 20171 | D:11     | Noticed an orb spider
 20178 | D:11     | Killed an orb spider
 20285 | D:11     | Noticed a two-headed ogre
 20293 | D:11     | Killed a two-headed ogre
 20293 | D:11     | Reached skill level 5 in Fighting
 20352 | D:11     | Noticed Maurice
 20359 | D:11     | Killed Maurice
 20840 | D:11     | Reached skill level 10 in Hexes
 21194 | D:11     | Reached XP level 12. HP: 60/60 MP: 26/26
 21409 | D:11     | Noticed a two-headed ogre
 21422 | D:11     | Killed a two-headed ogre
 21422 | D:11     | Reached skill level 10 in Dodging
 21586 | D:12     | Reached **** piety under Dithmenos
 21601 | D:12     | Noticed Erolcha
 21605 | D:12     | Killed Erolcha
 21939 | D:12     | Reached skill level 10 in Spellcasting
 22806 | D:12     | Noticed a two-headed ogre
 22817 | D:12     | Killed a two-headed ogre
 23016 | D:12     | Noticed Snorg
 23022 | D:12     | Killed Snorg
 23042 | D:12     | Reached skill level 18 in Stealth
 23139 | D:12     | Found a blossoming altar of Fedhas.
 23237 | D:12     | Noticed Fannar
 23243 | D:12     | Killed Fannar
 23954 | D:13     | Noticed a seven-headed hydra
 23960 | D:13     | Killed a seven-headed hydra
 24037 | D:13     | Reached ***** piety under Dithmenos
 24653 | D:14     | Found a gate to the Vaults.
 24891 | D:14     | Reached XP level 13. HP: 44/65 MP: 6/28
 25366 | D:14     | Reached skill level 1 in Ice Magic
 25571 | D:14     | Noticed Rupert
 25575 | D:14     | Killed Rupert
 25874 | Lair:1   | Entered Level 1 of the Lair of Beasts
 26206 | Lair:1   | Found a dark tunnel.
 26222 | Volcano  | Entered a volcano
 26797 | Volcano  | Found a burning altar of Makhleb.
 27058 | Volcano  | Noticed a stone giant
 27061 | Volcano  | Killed a stone giant
 29332 | Lair:2   | Found a staircase to the Shoals.
 29792 | Lair:3   | Identified a scroll of acquirement
 30068 | Lair:3   | Reached skill level 19 in Stealth
 30211 | Lair:3   | Found a staircase to the Snake Pit.
 30885 | Lair:4   | Reached XP level 14. HP: 40/72 MP: 19/30
 31102 | Lair:4   | Reached skill level 5 in Ice Magic
 31872 | Lair:5   | Noticed Nessos
 31878 | Lair:5   | Noticed Josephine
 31905 | Lair:5   | Reached skill level 10 in Short Blades
 32078 | Lair:5   | Killed Nessos
 32191 | Lair:5   | Killed Josephine
 32192 | Lair:5   | Found a staircase to the Slime Pits.
 33259 | Lair:6   | Entered Level 6 of the Lair of Beasts
 33320 | Lair:6   | Reached ****** piety under Dithmenos
 35478 | Lair:6   | Reached XP level 15. HP: 77/77 MP: 27/32
 36253 | Orc:1    | Entered Level 1 of the Orcish Mines
 36690 | Orc:2    | Entered Level 2 of the Orcish Mines
 36909 | Orc:1    | Reached skill level 20 in Stealth
 37271 | Orc:2    | Found Pyum Vef's Jewellery Emporium.
 37279 | Orc:1    | Found Millik's Antique Armour Shop.
 37492 | Orc:1    | Bought a creamy pearl robe for 159 gold pieces
 37502 | Orc:1    | Identified the cursed +1 robe "Worphoilu" {MR- Str+4 Slay+4} (You bought it in a shop on level 1 of the Orcish Mines)
 37668 | Orc:2    | Found Misoyhuv's Jewellery Emporium.
 37881 | Orc:2    | Found Atupe's Weapon Emporium.
 38210 | Orc:2    | Found Beozyax's Book Shop.
 38234 | Orc:2    | Found a staircase to the Elven Halls.
 38425 | Orc:2    | Found Oxeen's Gadget Emporium.
 38803 | Orc:2    | Found Pump's Antique Weapon Boutique.
 38803 | Orc:2    | Found Potrif's Food Shoppe.
 38809 | Orc:2    | Found Gustraw's Jewellery Shoppe.
 38809 | Orc:2    | Found Ishriaseo's Food Shop.
 39450 | Orc:2    | Found a bloodstained altar of Trog.
 39537 | Elf:1    | Entered Level 1 of the Elven Halls
 39768 | D:15     | Entered Level 15 of the Dungeon
 41019 | D:15     | Found a staircase to the Depths.
 41113 | Depths:1 | Entered Level 1 of the Depths
 41574 | Snake:1  | Entered Level 1 of the Snake Pit
 41976 | Snake:1  | Noticed Azrael
 41978 | Snake:1  | Killed Azrael
 42045 | Snake:1  | Reached XP level 16. HP: 37/84 MP: 19/34
 43374 | Snake:1  | Noticed Donald
 43376 | Snake:1  | Killed Donald
 43390 | Snake:1  | Reached skill level 15 in Dodging
 45436 | Snake:2  | Reached skill level 21 in Stealth
 47881 | Snake:3  | Reached skill level 10 in Ice Magic
 47902 | Snake:3  | Noticed Louise
 48455 | Snake:3  | Killed Louise
 49422 | Snake:3  | Noticed Aizul
 49424 | Snake:3  | Killed Aizul
 50402 | Snake:4  | Entered Level 4 of the Snake Pit
 50874 | Snake:4  | Reached XP level 17. HP: 80/88 MP: 31/36
 51076 | Snake:4  | Got a shimmering robe
 51087 | Snake:4  | Identified the +2 robe of Sovereignty {Regen+} (You found it on level 4 of the Snake Pit)
 51127 | Snake:4  | Found a bloodstained altar of Trog.
 51368 | Snake:4  | Reached skill level 10 in Fighting
 52830 | Shoals:1 | Entered Level 1 of the Shoals
 53411 | Shoals:1 | Reached skill level 15 in Hexes
 54438 | Shoals:2 | Found the +8 Wrath of Trog {antimagic, *Rage}
 55015 | Shoals:2 | Got a jewelled short sword
 55016 | Shoals:2 | Identified the cursed +0 short sword "Cudoyjets" {freeze, rElec rN+ Stlth-} (You found it on level 2 of the Shoals)
 55430 | Shoals:3 | Reached skill level 22 in Stealth
 55446 | Shoals:3 | Noticed Polyphemus
 55477 | Shoals:3 | Reached skill level 15 in Spellcasting
 55497 | Shoals:3 | Killed Polyphemus
 55776 | Shoals:3 | Noticed Kirke
 55832 | Shoals:2 | Killed Kirke
 55864 | Shoals:3 | Noticed Roxanne
 56482 | Shoals:3 | Reached XP level 18. HP: 95/95 MP: 23/38
 56896 | Shoals:4 | Entered Level 4 of the Shoals
 57074 | Shoals:4 | Noticed Bai Suzhen
 57109 | Shoals:4 | Noticed Ilsuiw
 59693 | Snake:4  | Got a serpentine rune of Zot
 60227 | Vaults:1 | Entered Level 1 of the Vaults
 60555 | Vaults:1 | Noticed Saint Roka
 60647 | Vaults:1 | Learned a level 6 spell: Invisibility
 61369 | Vaults:1 | Killed Saint Roka
 61369 | Vaults:1 | Reached XP level 19. HP: 42/100 MP: 34/39
 61887 | Vaults:1 | Reached skill level 23 in Stealth
 63895 | Vaults:2 | Noticed EvilAshe's ghost (adept GrBe)
 64060 | Vaults:2 | Killed EvilAshe's ghost
 64557 | Vaults:2 | Noticed Boris
 64608 | Vaults:2 | Killed Boris
 65495 | Vaults:2 | Found a staircase to the Crypt.
 66158 | Shoals:4 | Killed Bai Suzhen
 66584 | Shoals:4 | Reached skill level 15 in Short Blades
 66601 | Shoals:4 | Killed Ilsuiw
 66804 | Shoals:4 | Reached XP level 20. HP: 69/106 MP: 31/41
 67998 | Shoals:4 | Got a barnacled rune of Zot
 68153 | Shoals:4 | Identified the Volume of Displacement and the Birds
 68700 | Elf:1    | Noticed Agnes
 68702 | Elf:1    | Killed Agnes
 68807 | Elf:1    | Reached skill level 24 in Stealth
 69318 | Elf:1    | Identified the Almanac of Darkness
 70010 | Elf:2    | Found a runed gate.
 70010 | Elf:2    | Found a runed gate.
 70020 | Elf:2    | Found a runed gate.
 71223 | Elf:2    | Noticed Asterion
 71250 | Elf:2    | Killed Asterion
 73063 | Vaults:3 | Found a gateway to a bazaar.
 73070 | Bazaar   | Entered a bazaar
 73075 | Bazaar   | Found Kyfilept's Antique Weapon Shoppe.
 73086 | Bazaar   | Found Ojoezocu's Weapon Boutique.
 73149 | Bazaar   | Found Mouhoerr's Distillery.
 73160 | Bazaar   | Found Xoulitug's Jewellery Shop.
 73208 | Bazaar   | Bought a potion of cancellation for 80 gold pieces
 73208 | Bazaar   | Bought a potion of heal wounds for 50 gold pieces
 73208 | Bazaar   | Bought a potion of might for 40 gold pieces
 73208 | Bazaar   | Bought a potion of curing for 30 gold pieces
 73208 | Bazaar   | Bought a potion of cancellation for 80 gold pieces
 73437 | Vaults:3 | Reached XP level 21. HP: 91/112 MP: 37/43
 73809 | Vaults:3 | Noticed Jory
 73908 | Vaults:3 | Killed from afar by an ogre mage

Vault maps used:
D:1:      minmay_arrival_radiant_lines, st_stairs_10
D:2:      minmay_misc_feat_room, kennysheep_generic_room_12
D:3:      overflow_temple_1_default, nemelex_xobeh_ov_fountains_minmay,
          chequers_ecumenical_altar_island, first_bread
D:4:      amethyst_overflow_temple_binary
D:5:      hangedman_abyss_or_decor_stabs, minmay_misc_feat_tiny, uniq_sigmund,
          uniq_prince_ribbit1
D:6:      okawaru_trees_2
D:7:      old_standard_altar, temple_statues, uniq_joseph
D:8:      lemuel_coloured_pillars_altar, lemuel_round_altar, tso_altar
D:9:      nicolae_overflow_crystal_walls, lair_entry_dummy, hiddenorc2_lemuel
D:10:     minmay_coctagon, serial_shops, kennysheep_mini_moat, shop, shop
D:11:     minmay_ornate_pinched, serial_shops, freezing_bzr, uniq_psyche,
          uniq_maurice
D:12:     fedhas_altar_fruit_tree, uniq_snorg, uniq_erolcha, uniq_fannar
D:13:     hangedman_pestilent_swarm
D:14:     erik_vaults_1, minmay_misc_feat_columns, uniq_rupert
D:15:     gammafunk_enter_depths_forms, minmay_curled_crystal
Temple:   minmay_temple_forest_path
Lair:1:   enter_volcano_2, serial_bayou_pond_d, serial_bayou_shore_b,
          serial_bayou_shore_a, grunt_megastairs_1
Lair:2:   elwin_shoals_entry_stream, nicolae_lair_grove_arrangements,
          lemuel_fruit_tree, grunt_megastairs_2
Lair:3:   minmay_snake_entry_guardpost_small, grunt_megastairs_4
Lair:4:   minmay_holes, nicolae_quartered_pool_super
Lair:5:   minmay_slime_entry_oklob_open, infiniplex_staircase_pool_2,
          grunt_megastairs_3, uniq_josephine, uniq_nessos
Lair:6:   minmay_lair_end_frog_pond, kennysheep_rathole, serial_bayou_shore_b
Shoals:3: uniq_polyphemus, uniq_roxanne, uniq_kirke
Shoals:4: shoals_end_simple, shoals_ilsuiw_ice, uniq_bai_suzhen
Snake:1:  minmay_snake_pond, uniq_azrael, uniq_donald
Snake:2:  hangedman_snake_pattern
Snake:3:  uniq_aizul, uniq_louise
Snake:4:  snake_pit_salamanders_mu, basic_altar, serial_bayou_shore_b
Orc:1:    serial_shops, shop, abandoned_shop
Orc:2:    st_orc_ogre_mass, serial_shops, shop,
          nicolae_shop_temple_entry_statues_fountains, shop_fountains,
          nicolae_shop_waterfront, shop, trog_book
Elf:1:    minmay_elf_necromancy, wad_floor_pattern_untrapped, uniq_agnes
Elf:2:    uniq_asterion
Vaults:1: hangedman_vaults_maws, vaults_dpeg_encased_lava,
          ontoclasm_vaults_hangar, v_misc_13, nicolae_vaults_little_squares_6,
          vaults_dpeg_hooks, st_octagons_2,
          nicolae_vaults_windows_and_doors_thing, nicolae_vaults_big_ls,
          nicolae_vaults_ring_of_whatevers, uniq_saint_roka
Vaults:2: nicolae_vaults_big_angled_halls, vaults_dpeg_cross,
          nicolae_vaults_shelves_hall, vaults_dpeg_ring, ontoclasm_vaults_spin,
          nicolae_vaults_network_periphery, ontoclasm_vaults_decontamination,
          nicolae_vaults_diagonal_hallway_9, minmay_crypt_entry_simple_box,
          uniq_boris
Vaults:3: hangedman_vaults_nodes, v_rooms_2, v_misc_24, v_rooms_4,
          nicolae_vaults_alarming, nicolae_vaults_little_squares_6,
          serial_shops, bzr_entry_road, uniq_jory
Depths:1: gammafunk_jiyva_shrine, minmay_room_of_horrors, hangedman_geh_valley,
          nrook_mini_vaults, kennysheep_generic_room_13, firewood_loft
Bazaar:   dpeg_bazaar_wands, bazaar_jpeg_ribbon
Volcano:  volcano_lake

Skill      XL: |  1  2  3  4  5  6  7  8  9 10 11 12 13 14 15 16 17 18 19 20 |
---------------+-------------------------------------------------------------+-----
Spellcasting   | 3 5 7 8 9 10 11 12 13 14 15 16 17 | 17.7
Hexes          | 4 5 6 7 8 10 11 12 13 14 15 16 17 | 17.9
Stealth        | 5 8 11 15 16 17 18 19 20 21 22 23 24 | 24.5
Fighting       | 2 4 5 6 7 8 9 10 11 12 | 12.6
Short Blades   | 3 5 7 8 9 10 11 12 13 14 15 | 15.9
Dodging        | 5 7 9 11 12 13 14 15 16 17 18 19 | 19.9
Ice Magic      | 4 7 9 10 11 | 11.5

Action                   |  1- 3 |  4- 6 |  7- 9 | 10-12 | 13-15 | 16-18 | 19-21 || total
-------------------------+-------+-------+-------+-------+-------+-------+-------++-------
Melee: Dagger            |   113 |    64 |   247 |   986 |   244 |       |       ||  1654
       Short sword       |       |       |       |     2 |       |       |       ||     2
       Quick blade       |       |       |       |       |  1039 |  1229 |  1227 ||  3495
 Cast: Corona            |     3 |       |       |       |       |       |       ||     3
       Ensorcelled Hiber |    19 |    17 |    32 |   115 |   213 |   107 |    52 ||   555
       Confuse           |     2 |     5 |    39 |    87 |   119 |    68 |    65 ||   385
       Tukima's Dance    |       |     3 |     1 |    17 |    16 |    17 |     8 ||    62
       Dazzling Spray    |       |     1 |    18 |    21 |    50 |   289 |    44 ||   423
       Invisibility      |       |       |       |       |       |     3 |    32 ||    35
Invok: Shadow Step       |       |       |       |     1 |     4 |     9 |     2 ||    16
 Abil: Evoke Flight      |       |       |       |     3 |       |       |       ||     3
       Evoke Berserk Rag |       |       |       |       |       |     1 |     3 ||     4
Evoke: Wand              |       |       |       |     1 |     7 |     1 |       ||     9
  Use: Scroll            |     6 |     7 |     1 |     8 |    14 |    23 |     4 ||    63
       Potion            |     2 |       |    14 |     8 |     3 |    19 |    13 ||    59
 Stab: Sleeping          |    19 |    26 |    37 |   113 |   235 |   167 |    83 ||   680
       Confused          |     2 |     1 |    21 |    52 |   107 |    37 |    41 ||   261
       Distracted        |       |     3 |     1 |     6 |     6 |     5 |     9 ||    30
       Invisible         |       |     1 |     4 |     9 |    31 |   156 |   208 ||   409
  Eat: Royal jelly       |     1 |       |       |     1 |    10 |     4 |     3 ||    19
       Bread ration      |       |     1 |     1 |     2 |       |       |       ||     4
       Fruit             |       |       |       |       |       |    11 |    18 ||    29
Armor: Robe              |     8 |     3 |    15 |    33 |    41 |    53 |    18 ||   171
Dodge: Dodged            |    66 |    29 |   147 |   714 |   637 |  1100 |   641 ||  3334

Table legend:
 A = Spawn XP
 B = Non-spawn XP
 C = Spawn XP percentage of total XP
 D = Spawn monster count
 E = Non-spawn monster count
 F = Spawn count percentage of total count
 G = Total turns spent on level
                    A         B        C        D         E        F      G
               +---------+---------+-------+---------+---------+-------+---------
         Total |       0 |  595303 |   0.0 |       0 |    1549 |   0.0 | 73908
               +---------+---------+-------+---------+---------+-------+---------
           D:1 |       0 |      36 |   0.0 |       0 |      20 |   0.0 |  1978
           D:2 |       0 |     191 |   0.0 |       0 |      22 |   0.0 |  1701
           D:3 |       0 |     151 |   0.0 |       0 |      21 |   0.0 |  1022
           D:4 |       0 |     496 |   0.0 |       0 |      22 |   0.0 |  3099
           D:5 |       0 |    2056 |   0.0 |       0 |      29 |   0.0 |  2354
           D:6 |       0 |     714 |   0.0 |       0 |      16 |   0.0 |   862
           D:7 |       0 |     525 |   0.0 |       0 |       5 |   0.0 |   681
           D:8 |       0 |    1777 |   0.0 |       0 |      23 |   0.0 |  1763
           D:9 |       0 |    3645 |   0.0 |       0 |      64 |   0.0 |  3199
          D:10 |       0 |    5000 |   0.0 |       0 |      32 |   0.0 |  2262
          D:11 |       0 |    8908 |   0.0 |       0 |      70 |   0.0 |  2467
          D:12 |       0 |    9409 |   0.0 |       0 |      52 |   0.0 |  1827
          D:13 |       0 |    2243 |   0.0 |       0 |      10 |   0.0 |  1908
          D:14 |       0 |    7609 |   0.0 |       0 |      15 |   0.0 |   964
          D:15 |       0 |   13265 |   0.0 |       0 |      44 |   0.0 |  1711
        Lair:1 |       0 |    2933 |   0.0 |       0 |      13 |   0.0 |  1122
        Lair:2 |       0 |    5626 |   0.0 |       0 |      25 |   0.0 |  1616
        Lair:3 |       0 |    5477 |   0.0 |       0 |      22 |   0.0 |  1336
        Lair:4 |       0 |    7955 |   0.0 |       0 |      27 |   0.0 |  1127
        Lair:5 |       0 |   13279 |   0.0 |       0 |      34 |   0.0 |  1614
        Lair:6 |       0 |   23271 |   0.0 |       0 |     102 |   0.0 |  2796
      Shoals:1 |       0 |   13709 |   0.0 |       0 |      32 |   0.0 |  1717
      Shoals:2 |       0 |   14758 |   0.0 |       0 |      32 |   0.0 |  1077
      Shoals:3 |       0 |   25180 |   0.0 |       0 |      41 |   0.0 |  2006
      Shoals:4 |       0 |   45162 |   0.0 |       0 |      78 |   0.0 |  1949
       Snake:1 |       0 |   16965 |   0.0 |       0 |      39 |   0.0 |  2492
       Snake:2 |       0 |   22221 |   0.0 |       0 |      43 |   0.0 |  4277
       Snake:3 |       0 |   25026 |   0.0 |       0 |      39 |   0.0 |  2343
       Snake:4 |       0 |   79952 |   0.0 |       0 |     132 |   0.0 |  4801
         Orc:1 |       0 |    3659 |   0.0 |       0 |      34 |   0.0 |  1350
         Orc:2 |       0 |   19568 |   0.0 |       0 |      79 |   0.0 |  2236
         Elf:1 |       0 |   24939 |   0.0 |       0 |      37 |   0.0 |   968
         Elf:2 |       0 |   41350 |   0.0 |       0 |      56 |   0.0 |  2365
      Vaults:1 |       0 |   59052 |   0.0 |       0 |      96 |   0.0 |  2818
      Vaults:2 |       0 |   50911 |   0.0 |       0 |      77 |   0.0 |  2925
      Vaults:3 |       0 |   32372 |   0.0 |       0 |      54 |   0.0 |  1052
      Depths:1 |       0 |    2547 |   0.0 |       0 |       3 |   0.0 |     7
       Volcano |       0 |    3366 |   0.0 |       0 |       9 |   0.0 |  1105
               +---------+---------+-------+---------+---------+-------+---------
